Map: Ancient Cistern LE

Players

Clem - Winner!

  • Race: Terran Terran
  • League: Grandmaster
  • Spawn Location: 1:00

PtitDrogo

  • Race: Protoss Protoss
  • Spawn Location: 7:00

Event: HomeStory Cup XXIII

VOD

Have the link to the VOD?

Description

Time

  • Played on: July 1, 2023, 9:07 a.m.
  • Length: 6:40

All games in this series

Show
View Real Time Build Order
Export as new Build Order

Clem Terran - Winner!

Build Orders: Reaper Expand 

Get SALT Encoding   

  12  0:00  SCV  
  13  0:12  SCV  
  14  0:17  Supply Depot  
  14  0:24  SCV  
  15  0:38  SCV  
  15  0:41  Barracks  
  16  0:42  Refinery  
  16  0:50  SCV  
  17  1:03  SCV  
  18  1:15  SCV  
  19  1:28  Orbital Command, Reaper  
  20  1:48  Command Center  
  20  1:53  SCV, Supply Depot  
  21  1:59  Marine  
  22  2:05  SCV  
  23  2:09  Factory  
  23  2:19  SCV, Bunker  
  23  2:21  Barracks Reactor  
  24  2:28  Refinery  
  24  2:31  SCV  
  25  2:43  SCV  
  26  2:53  Hellion  
  26  2:54  Starport  
  29  2:58  SCV  
  29  2:59  Marine x2  
  29  3:04  Orbital Command  
  31  3:10  SCV  
  31  3:15  Widow Mine  
  31  3:18  Supply Depot  
  31  3:19  Marine  
  34  3:20  Marine  
  34  3:24  SCV  
  36  3:29  SCV  
  36  3:31  Medivac  
  39  3:36  Widow Mine  
  39  3:38  SCV, Marine x2  
  44  3:48  Barracks, SCV  
  43  3:50  SCV  
  44  3:56  Barracks, Marine  
  44  3:59  Marine  
  44  4:00  SCV  
  44  4:01  Starport Tech Lab  
  47  4:03  Factory Tech Lab  
  47  4:05  SCV  
  48  4:11  Supply Depot  
  48  4:14  Engineering Bay  
  48  4:15  SCV  
  49  4:17  SCV  
  49  4:19  Marine  
  49  4:20  Marine  
  52  4:27  SCV  
  52  4:30  SCV, Starport Reactor  
  54  4:32  Factory Reactor  
  54  4:37  Marine  
  54  4:38  Marine  
  55  4:39  SCV  
  55  4:42  SCV  
  55  4:44  Terran Infantry Weapons Level 1  
  55  4:45  Stimpack, Marauder  
  57  4:50  Supply Depot  
  57  4:54  Marine  
  57  4:56  Marine  
  57  4:57  SCV  
  60  5:00  SCV, Missile Turret x2  
  60  5:03  Refinery  
  60  5:06  Combat Shield  
  61  5:11  SCV, Marauder  
  61  5:12  SCV, Supply Depot  
  65  5:15  Marauder  
  65  5:18  Marine x2  
  69  5:24  SCV, Refinery  
  70  5:28  SCV  
  70  5:33  Marauder, Medivac  
  67  5:36  SCV  
  67  5:38  Marine  
  67  5:39  Marine  
  67  5:42  Marauder, SCV  
  70  5:48  SCV  
  68  5:53  Refinery  
  68  5:54  SCV  
  68  5:56  Marine x2, Marauder  
  72  6:00  SCV  
  72  6:02  Widow Mine x2  
  72  6:03  Marauder  
  78  6:08  Supply Depot  
  78  6:11  SCV  
  78  6:12  SCV  
  78  6:14  Marine x2  
  78  6:16  Supply Depot  
  81  6:24  SCV  
  82  6:32  Supply Depot  
Show
View Real Time Build Order
Export as new Build Order

PtitDrogo Protoss 

Build Orders: 1 Gate Expand, Oracle Opening 

Get SALT Encoding   

  12  0:00  Probe  
  13  0:12  Probe  
  14  0:17  Pylon  
  14  0:24  Probe (Chrono Boost)  
  15  0:36  Probe (Chrono Boost)  
  15  0:37  Gateway  
  16  0:44  Probe (Chrono Boost)  
  16  0:45  Assimilator  
  17  0:51  Probe  
  18  1:03  Probe  
  19  1:15  Probe  
  20  1:26  Cybernetics Core  
  20  1:36  Nexus  
  20  1:41  Pylon  
  20  1:44  Probe  
  21  1:51  Assimilator  
  21  1:56  Probe  
  21  1:59  Adept (Chrono Boost)  
  25  2:08  Probe  
  25  2:19  Adept (Chrono Boost)  
  25  2:20  Probe  
  28  2:26  Stargate  
  28  2:34  Probe  
  28  2:37  Warp Gate  
  29  2:42  Adept  
  31  2:48  Probe (Chrono Boost)  
  33  2:53  Probe (Chrono Boost)  
  33  2:57  Probe (Chrono Boost)  
  34  3:01  Probe (Chrono Boost)  
  34  3:02  Probe (Chrono Boost)  
  36  3:06  Oracle (Chrono Boost)  
  36  3:12  Probe  
  40  3:14  Probe  
  40  3:16  Pylon  
  41  3:22  Gateway  
  41  3:24  Probe  
  41  3:26  Probe  
  43  3:36  Probe, Oracle (Chrono Boost)  
  43  3:39  Probe  
  48  3:46  Pylon  
  48  3:49  Probe  
  48  3:51  Probe  
  48  3:55  Nexus  
  50  4:05  Probe  
  50  4:08  Probe, Oracle (Chrono Boost)  
  55  4:16  Pylon  
  56  4:17  Probe, Assimilator  
  56  4:20  Probe, Assimilator  
  57  4:25  Twilight Council  
  57  4:27  Forge  
  57  4:29  Probe  
  58  4:33  Probe  
  59  4:41  Probe  
  59  4:45  Phoenix (Chrono Boost), Probe (Chrono Boost)  
  51  4:48  Stalker  
  55  4:54  Probe (Chrono Boost)  
  57  5:03  Probe (Chrono Boost)  
  57  5:04  Probe (Chrono Boost)  
  58  5:09  Probe (Chrono Boost)  
  58  5:13  Probe (Chrono Boost)  
  61  5:15  Probe (Chrono Boost)  
  61  5:19  Probe (Chrono Boost)  
  63  5:21  Stalker x2  
  63  5:23  Probe (Chrono Boost), Shield Battery  
  63  5:25  Shield Battery  
  63  5:28  Pylon  
  62  5:38  Probe  
  62  5:40  Probe  
  58  5:46  Stalker x2  
  58  5:47  Probe  
  60  5:50  Probe  
  60  5:52  Probe  
  62  6:04  Probe  
  62  6:05  Probe x2  
  65  6:11  Gateway  
  65  6:13  Stalker  
  65  6:15  Gateway x2  
  65  6:16  Probe  
  65  6:17  Stalker  
  69  6:18  Probe  
  70  6:26  Probe  
  70  6:28  Probe  
  68  6:36  Stalker  
Tags
 
Add a new tag
Caveats
  • Supply blocks, unpowered buildings, or Contaminate may cause inaccurate times.
  • Supply counts are checked every 10 seconds.